[Event "Early-Titled-Tuesday-Blitz-October-24-2023"]
[Site "Chess.com"]
[Date "2023.10.24"]
[Round "6"]
[White "Dewarfd"]
[Black "whiteglovethief"]
[Result "0-1"]
[WhiteElo "2169"]
[BlackElo "2437"]
[TimeControl "180+1"]
[EndTime "9:02:48 PDT"]
[Termination "whiteglovethief won by resignation"]

1. d4 Nf6 2. e3 c5 3. dxc5 Qa5+ 4. Nd2 Qxc5 5. Ngf3 d5 6. c4 Nc6 7. a3 dxc4 8. Nxc4 Bg4 9. b4 Qh5 10. Be2 Rd8 11.
Qc2 e6 12. Bb2 Be7 13. O-O O-O 14. Rfd1 Rc8 15. Qb3 b5 16. Nd6 Rcd8 17. Nb7 Rb8 18. Nd6 Rfd8 19. Bxf6 Bxf6 20. Rac1 Ne5 21. Ne4 Bxf3 22. Nxf6+ gxf6 23. Bxf3 Nxf3+ 24. gxf3 Qxf3 25. Rxd8+ Rxd8 26. Qc2 Rd5 27. Qc8+ Kg7 28. Qc6 Rd1+ 0-1

[Event "Early-Titled-Tuesday-Blitz-October-24-2023"]
[Site "Chess.com"]
[Date "2023.10.24"]
[Round "6"]
[White "Lady_Nika"]
[Black "Adnan_Habib"]
[Result "1-0"]
[WhiteElo "2483"]
[BlackElo "2326"]
[TimeControl "180+1"]
[EndTime "9:02:52 PDT"]
[Termination "Lady_Nika won by checkmate"]

1. e4 c5 2. Nc3 Nc6 3. g3 g6 4. Bg2 Bg7 5. d3 e6 6. f4 Nge7 7. Nf3 d5 8. O-O O-O 9. e5 a6 10. Rb1 b5 11. Bd2 Nf5 12. g4 Nfd4 13. Nxd4 Nxd4 14. Ne2 Nxe2+ 15. Qxe2 Qc7 16. Rbe1 Re8 17. c3 Ra7 18. Be3 Rb7 19. d4 c4 20. a3 a5 21.
h4 b4 22. axb4 axb4 23. h5 bxc3 24. bxc3 Qa5 25. hxg6 hxg6 26. Bd2 Rb2 27. Qe3 Bd7 28. Ra1 Qb6 29. f5 Qb3 30. fxg6 fxg6 31. Rf2 Rb1+ 32.
Rxb1 Qxb1+ 33. Rf1 Qc2 34. Rc1 Qb2 35. Qg5 Rf8 36.
Rf1 Rxf1+ 37. Bxf1 Qb1 38. Qd8+ Kh7 39. Qxd7 Qc2 40.
Bg5 Qd1 41. Qxe6 Qf3 42. Bg2 Qd1+ 43. Kh2 Qe1 44. Qxd5 Qxc3 45. Bf6 Qe3 46. Qb7 Qh6+ 47. Kg3 Qe3+ 48. Qf3 Qxd4 49. Bxg7 Kxg7 50. Qf6+ Kh7 51.
Qf7+ Kh6 52. Qf4+ Qxf4+ 53. Kxf4 c3 54. Be4 Kg7 55. Kg5 Kf7 56. Bxg6+ Ke6 57. Kf4 c2 58. Bxc2 Kd5 59. Bb3+ Kc6 60. e6 Kd6 61. Kf5 Ke7 62. g5 Kf8 63. Kf6 Ke8 64. Ba4+ Kf8 65.
e7+ Kg8 66. e8=Q+ Kh7 67. Bc2# 1-0

[Event "Early-Titled-Tuesday-Blitz-October-24-2023"]
[Site "Chess.com"]
[Date "2023.10.24"]
[Round "6"]
[White "Nekoo04"]
[Black "Gyulamiryan-koryun"]
[Result "1-0"]
[WhiteElo "2286"]
[BlackElo "1954"]
[TimeControl "180+1"]
[EndTime "9:02:58 PDT"]
[Termination "Nekoo04 won by checkmate"]

1. d4 Nf6 2. c4 c5 3. d5 b5 4.
cxb5 a6 5. bxa6 Bxa6 6. Nc3 g6 7. Nf3 Bg7 8. g3 O-O 9. Bg2 d6 10. O-O Nbd7 11. Rb1 Qa5 12. Bd2 Bc4 13. b3 Bxd5 14.
Nxd5 Qxa2 15. Nxe7+ Kh8 16. Bf4 Ne4 17. Qd3 Nc3 18.
Rbe1 Rfe8 19. Bxd6 Rad8 20. Nc6 Qxb3 21. Nxd8 Nxe2+ 22. Rxe2 Qxd3 23. Rxe8+ Bf8 24. Bxf8 Nxf8 25. Rxf8+ Kg7 26.
Rxf7+ Kg8 27. Nc6 Qd5 28. Nfe5 Qe6 29. Rd1 Qe8 30. Rd8 Qxd8 31. Nxd8 c4 32. Bd5 c3 33.
Nd7 c2 34. Nf6+ Kh8 35. Rxh7# 1-0

[Event "Early-Titled-Tuesday-Blitz-October-24-2023"]
[Site "Chess.com"]
[Date "2023.10.24"]
[Round "6"]
[White "THE_PLAYER6"]
[Black "vasblesk"]
[Result "0-1"]
[WhiteElo "2562"]
[BlackElo "2763"]
[TimeControl "180+1"]
[EndTime "9:03:01 PDT"]
[Termination "vasblesk won by resignation"]

1. d4 d5 2. c4 c6 3. cxd5 cxd5 4.
Nc3 Nc6 5. Bf4 Nf6 6. e3 Bf5 7.
Qb3 Na5 8. Bb5+ Bd7 9. Qa4 e6 10. Nf3 a6 11. Bxd7+ Nxd7 12. Ne5 b5 13. Qc2 Nxe5 14.
Bxe5 Rc8 15. a3 Nc4 16. Bg3 Qa5 17. O-O Nxb2 18. Qxb2 Qxc3 19. Qxc3 Rxc3 20. Rfc1 Rc4 21. a4 b4 22. a5 Kd7 23. Kf1 Kc6 24. Ke2 Kb5 25.
Kd3 Be7 26. Rxc4 dxc4+ 27. Kc2 Bd8 28. e4 Bxa5 29. d5 exd5 30. exd5 b3+ 31. Kb2 Re8 0-1

[Event "Early-Titled-Tuesday-Blitz-October-24-2023"]
[Site "Chess.com"]
[Date "2023.10.24"]
[Round "6"]
[White "rdarruda"]
[Black "DTChess"]
[Result "1-0"]
[WhiteElo "2541"]
[BlackElo "2672"]
[TimeControl "180+1"]
[EndTime "9:03:06 PDT"]
[Termination "rdarruda won by resignation"]

1. Nf3 Nf6 2. d4 e6 3. c4 b6 4. Nc3 Bb7 5. g3 g6 6. Bg2 Bg7 7. O-O O-O 8. Re1 d5 9. Ne5 c6 10. e4 dxe4 11. Nxe4 Nxe4 12. Bxe4 Qc8 13. Bf4 Nd7 14. Bg2 Nxe5 15. Bxe5 c5 16. Bxb7 Qxb7 17. Bxg7 Kxg7 18. dxc5 bxc5 19. b3 Rfd8 20. Qe2 Qc6 21. Rad1 h5 22. h4 Qc7 23. Rxd8 Rxd8 24. Rd1 Rxd1+ 25.
Qxd1 Qe5 26. Qd2 a6 27. Qa5 Qd6 28. Qc3+ f6 29. a3 e5 30. b4 Qc6 31. Qb3 cxb4 32.
axb4 Qe4 33. b5 axb5 34. cxb5 Qe1+ 35. Kg2 Qe4+ 36. Qf3 Qb4 37. Qb7+ Kh6 38. b6 e4 39. Qa8 g5 40. b7 Qb3 41. b8=Q Qf3+ 42. Kg1 1-0

[Event "Early-Titled-Tuesday-Blitz-October-24-2023"]
[Site "Chess.com"]
[Date "2023.10.24"]
[Round "6"]
[White "Beca95"]
[Black "JoliyRoger"]
[Result "1-0"]
[WhiteElo "2927"]
[BlackElo "2475"]
[TimeControl "180+1"]
[EndTime "9:03:09 PDT"]
[Termination "Beca95 won on time"]

1. d4 Nf6 2. c4 e6 3. Nf3 c5 4.
d5 exd5 5. cxd5 d6 6. Nc3 g6 7.
Bg5 Bg7 8. e4 O-O 9. Nd2 Nbd7 10.
Be2 Re8 11. O-O a6 12. a4 Rb8 13. Bh4 h6 14. Qc2 Qc7 15. b3 b6 16. Bg3 Bf8 17.
f4 Bg7 18. Kh1 Bb7 19. Rad1 Rbd8 20. h3 Qc8 21. Bh2 Bf8 22. Bc4 Nh5 23. Nf3 Bg7 24. Rfe1 Nf8 25. e5 g5 26. fxg5 hxg5 27. Nxg5 dxe5 28. d6 1-0

[Event "Early-Titled-Tuesday-Blitz-October-24-2023"]
[Site "Chess.com"]
[Date "2023.10.24"]
[Round "6"]
[White "chess_blitz00"]
[Black "johnmez"]
[Result "1-0"]
[WhiteElo "2499"]
[BlackElo "2319"]
[TimeControl "180+1"]
[EndTime "9:03:11 PDT"]
[Termination "chess_blitz00 won by resignation"]

1. Nf3 Nf6 2. b3 g6 3. Bb2 Bg7 4. g3 O-O 5. Bg2 d5 6. O-O c5 7.
d3 Nc6 8. Nbd2 Bg4 9. h3 Bf5 10. Ne5 Nxe5 11. Bxe5 Qd7 12. Kh2 h5 13. e4 dxe4 14.
dxe4 Be6 15. Nf3 Qxd1 16. Raxd1 Nxe4 17. Bxg7 Kxg7 18. Rfe1 Nf6 19. Ng5 Rad8 20. Rxd8 Rxd8 21. Rxe6 fxe6 22. Nxe6+ 1-0

[Event "Early-Titled-Tuesday-Blitz-October-24-2023"]
[Site "Chess.com"]
[Date "2023.10.24"]
[Round "6"]
[White "ViktoriyaTarasova"]
[Black "ExchangeAB"]
[Result "0-1"]
[WhiteElo "2375"]
[BlackElo "2537"]
[TimeControl "180+1"]
[EndTime "9:03:15 PDT"]
[Termination "ExchangeAB won by resignation"]

1. d4 d5 2. c4 c6 3. Nf3 Nf6 4. Nc3 dxc4 5. a4 Bf5 6. Ne5 Nbd7 7. Nxc4 Nb6 8. Ne5 a5 9. e3 e6 10. g4 Bg6 11. h4 h6 12. Nxg6 fxg6 13. Bd3 Bb4 14.
Bxg6+ Kd7 15. Qf3 Nfd5 16. Bd2 Rf8 17. Qe2 Qf6 18. Be4 Rae8 19. f4 Kc8 20. g5 Qe7 21.
Qd3 Kb8 22. Bg6 Rd8 23. Ne4 Bxd2+ 24. Qxd2 Nc4 25. Qd3 Qb4+ 26. Ke2 Ncxe3 0-1

[Event "Early-Titled-Tuesday-Blitz-October-24-2023"]
[Site "Chess.com"]
[Date "2023.10.24"]
[Round "6"]
[White "cristiano78"]
[Black "MarijaKuznecova"]
[Result "1-0"]
[WhiteElo "2261"]
[BlackElo "2396"]
[TimeControl "180+1"]
[EndTime "9:03:16 PDT"]
[Termination "cristiano78 won by resignation"]

1. d4 Nf6 2. c4 c5 3. d5 b5 4. cxb5 a6 5. bxa6 g6 6. Nc3 Bg7 7. g3 O-O 8. Bg2 d6 9. Nf3 Qa5 10. O-O Bxa6 11. Bd2 Nbd7 12. h3 Rfb8 13. b3 Qc7 14. Re1 Nb6 15. e4 c4 16. Nd4 Rc8 17.
Nc6 Bb7 18. Nb5 Qd7 19. Nbd4 e6 20. Rc1 exd5 21. exd5 Nfxd5 22. bxc4 Bxc6 23. Nxc6 Qxc6 24. cxd5 Qb5 25. Rc6 Rxa2 26. Be3 Ra6 27. Bxb6 Rxb6 28. Rxc8+ 1-0

[Event "Early-Titled-Tuesday-Blitz-October-24-2023"]
[Site "Chess.com"]
[Date "2023.10.24"]
[Round "6"]
[White "lilleper1"]
[Black "Andrei_Skvortsov"]
[Result "1-0"]
[WhiteElo "2879"]
[BlackElo "2658"]
[TimeControl "180+1"]
[EndTime "9:03:22 PDT"]
[Termination "lilleper1 won by resignation"]

1. e4 d5 2. exd5 Qxd5 3. Nc3 Qe5+ 4. Be2 Bg4 5. d4 Bxe2 6. Ngxe2 Qa5 7. O-O Nf6 8. Bd2 Nc6 9. Ne4 Qd5 10. Nxf6+ gxf6 11. c3 e5 12. Be3 O-O-O 13. Qb3 Rg8 14. Qxd5 Rxd5 15. Rad1 Rd7 16. Rd2 Bd6 17. Rfd1 Ne7 18. c4 exd4 19. Rxd4 Nf5 20. Rd5 Nxe3 21. fxe3 Re7 22.
Kf2 Be5 23. b3 c6 24. R5d3 h5 25. g3 h4 26. gxh4 Rh8 27. Ng3 Rxh4 28. Rd8+ Kc7 29. Nf5 Rxh2+ 30. Kg1 Re6 31. c5 1-0

[Event "Early-Titled-Tuesday-Blitz-October-24-2023"]
[Site "Chess.com"]
[Date "2023.10.24"]
[Round "6"]
[White "C_K_G"]
[Black "Chessmissile07"]
[Result "0-1"]
[WhiteElo "1888"]
[BlackElo "2883"]
[TimeControl "180+1"]
[EndTime "9:03:22 PDT"]
[Termination "Chessmissile07 won by resignation"]

1. e4 c5 2. Nf3 g6 3. d4 cxd4 4. Nxd4 Nc6 5. Nc3 Bg7 6. Be3 Nf6 7. Be2 O-O 8. O-O d6 9. f4 Bd7 10. Bf3 Rc8 11. Nb3 a6 12. Qe2 b5 13. Rad1 Be6 14. e5 Nd7 15. exd6 Bc4 16. Qf2 Bxf1 17. dxe7 Nxe7 18.
Qxf1 Qc7 19. Rd3 b4 20. Nd5 Nxd5 21. Rxd5 Rfe8 22. Bd4 Nb6 23. Bxb6 Qxb6+ 24. Kh1 Rxc2 25. h3 Rxb2 26. Qd3 Rxa2 27. f5 Qe3 28. fxg6 hxg6 29. Rd8 Qxd3 30. Rxd3 Ra3 31. Bd5 a5 32. Rf3 Re1+ 33.
Kh2 Be5+ 34. g3 Ra2+ 0-1

[Event "Early-Titled-Tuesday-Blitz-October-24-2023"]
[Site "Chess.com"]
[Date "2023.10.24"]
[Round "6"]
[White "KononenkoD"]
[Black "Maect19"]
[Result "1-0"]
[WhiteElo "2589"]
[BlackElo "2290"]
[TimeControl "180+1"]
[EndTime "9:03:24 PDT"]
[Termination "KononenkoD won by checkmate"]

1. e4 e5 2. Nf3 Nc6 3. d4 exd4 4. Nxd4 Bc5 5. Nxc6 Qf6 6. Qf3 dxc6 7. Bc4 Be6 8. Bxe6 Qxe6 9. Be3 Bxe3 10. Qxe3 Ne7 11. Nd2 O-O 12. O-O b6 13. f4 f5 14. e5 Rad8 15. Qb3 Nd5 16. Rad1 Kh8 17. Nf3 Nxf4 18. Rxd8 Rxd8 19. Ng5 Qxb3 20. axb3 Ne2+ 21. Kf2 Re8 22. Kxe2 Rxe5+ 23. Kd3 Rd5+ 24. Kc3 g6 25. Nf3 Rc5+ 26.
Kd3 Rd5+ 27. Ke3 Rc5 28. c3 Rb5 29. b4 c5 30. bxc5 Rxb2 31. cxb6 cxb6 32. g3 a5 33. Rd1 a4 34. Rd8+ Kg7 35. Ra8 b5 36.
h4 Rg2 37. Kf4 Rc2 38. Ra7+ Kf6 39. Ng5 h6 40. Rf7# 1-0

[Event "Early-Titled-Tuesday-Blitz-October-24-2023"]
[Site "Chess.com"]
[Date "2023.10.24"]
[Round "6"]
[White "Felix-Rose"]
[Black "JG-17"]
[Result "0-1"]
[WhiteElo "2301"]
[BlackElo "2478"]
[TimeControl "180+1"]
[EndTime "9:03:24 PDT"]
[Termination "JG-17 won on time"]

1. e4 c6 2. d4 d6 3. Nc3 g6 4. f4 Bg7 5. Nf3 Nd7 6. e5 d5 7. e6 fxe6 8. Bd3 Ngf6 9. Qe2 Nf8 10. Bd2 b5 11. a4 b4 12. Nd1 a5 13. Ne5 Qb6 14.
Nxc6 Bd7 15. Ne5 Rc8 16. O-O Ne4 17. Nxd7 Nxd7 18. Bxe4 Qxd4+ 19. Kh1 Qxe4 20. Qxe4 dxe4 21.
c3 Nc5 22. Be3 Nb3 23. Rb1 Kf7 24. Nf2 bxc3 25. bxc3 Rxc3 26. Bb6 Nd2 27. Bxa5 Nxb1 28. Rxb1 Ra3 29. Nxe4 h6 30. Rb4 Ra1+ 0-1

[Event "Early-Titled-Tuesday-Blitz-October-24-2023"]
[Site "Chess.com"]
[Date "2023.10.24"]
[Round "6"]
[White "NovikovaGalina"]
[Black "kingapolak"]
[Result "1-0"]
[WhiteElo "2438"]
[BlackElo "2148"]
[TimeControl "180+1"]
[EndTime "9:03:25 PDT"]
[Termination "NovikovaGalina won on time"]

1. e4 c5 2. Nf3 Nc6 3. d4 cxd4 4. Nxd4 g6 5. Nc3 Bg7 6. Be3 Nf6 7. Nxc6 bxc6 8. e5 Ng8 9. Bd4 e6 10. Qd2 Ne7 11.
O-O-O O-O 12. g4 Nd5 13. Ne4 Qc7 14. f4 f5 15. gxf5 Rxf5 16. Nf6+ Nxf6 17. exf6 Bxf6 18. Bxf6 Rxf6 19. Kb1 Qxf4 20. Qe1 d5 21. Bd3 Bd7 22. h4 Raf8 23. h5 g5 24. h6 c5 25. Rf1 Qd6 26. Rxf6 Rxf6 27. Qg1 Qe5 28. Re1 Qf4 29. Qxc5 Rxh6 30. Rf1 Qb8 31. Qe7 Bc6 32. a3 Rh5 33. Qxe6+ 1-0

[Event "Early-Titled-Tuesday-Blitz-October-24-2023"]
[Site "Chess.com"]
[Date "2023.10.24"]
[Round "6"]
[White "Alex_Sahakyan2006"]
[Black "Meri-Arabidze"]
[Result "0-1"]
[WhiteElo "2734"]
[BlackElo "2592"]
[TimeControl "180+1"]
[EndTime "9:03:26 PDT"]
[Termination "Meri-Arabidze won by resignation"]

1. d4 f5 2. e4 fxe4 3. Nc3 Nf6 4. Bg5 Nc6 5. d5 Ne5 6. Qd4 Nf7 7. Bxf6 exf6 8. Nxe4 Nd6 9. Bd3 Nxe4 10. Bxe4 c5 11. Qd3 Qa5+ 12. c3 g6 13. Bxg6+ hxg6 14. Qxg6+ Ke7 15. d6+ Ke6 16. Nf3 Bh6 17. O-O Kd5 18.
Qxf6 Qd8 19. Qf5+ Kxd6 20. Qf4+ Bxf4 0-1

[Event "Early-Titled-Tuesday-Blitz-October-24-2023"]
[Site "Chess.com"]
[Date "2023.10.24"]
[Round "6"]
[White "GHANDEEVAM2003"]
[Black "NikolaGry"]
[Result "1-0"]
[WhiteElo "3030"]
[BlackElo "2749"]
[TimeControl "180+1"]
[EndTime "9:03:30 PDT"]
[Termination "GHANDEEVAM2003 won by checkmate"]

1. c4 e5 2. Nc3 Nc6 3. Nf3 g6 4. g3 Bg7 5. Bg2 d6 6. d3 Nh6 7.
h4 f6 8. Nd5 O-O 9. e4 Ne7 10. d4 c6 11. Nc3 Bg4 12. Be3 f5 13. dxe5 fxe4 14. Nxe4 Nef5 15. Bxh6 Bxh6 16. Nf6+ Rxf6 17.
exf6 Qxf6 18. O-O Rf8 19. Qb3 b6 20. Rae1 Kh8 21. Qc3 Qxc3 22. bxc3 Bg7 23. Nh2 Nh6 24. Nxg4 Nxg4 25. Bxc6 Bxc3 26. Re8 Rxe8 27. Bxe8 Bd4 28. Kg2 Kg7 29. Bd7 Ne5 30. Be6 Kf6 31. Bd5 Bc5 32. Re1 h5 33. f4 Ng4 34. Re6+ Kf5 35. Re7 Ne3+ 36. Kf3 Nxd5 37. cxd5 b5 38. Rf7# 1-0

[Event "Early-Titled-Tuesday-Blitz-October-24-2023"]
[Site "Chess.com"]
[Date "2023.10.24"]
[Round "6"]
[White "Casper"]
[Black "Krakozia"]
[Result "0-1"]
[WhiteElo "2462"]
[BlackElo "2950"]
[TimeControl "180+1"]
[EndTime "9:03:31 PDT"]
[Termination "Krakozia won by resignation"]

1. e4 c5 2. d4 cxd4 3. Qxd4 Nc6 4. Qe3 e6 5. Nc3 a6 6. a4 Nf6 7. Nf3 Bb4 8. Bd2 O-O 9. Bd3 d5 10. exd5 exd5 11. Ne2 Re8 12. Qf4 Bxd2+ 13. Qxd2 Bg4 14. Qf4 Bxf3 15. gxf3 Qb6 16. O-O-O Qxf2 17. Ng3 Qe3+ 18. Qxe3 Rxe3 19. Nf5 Rxf3 20. Rhg1 g6 21. Nd6 Ne5 22. Bf1 Rf2 23. Rg2 Rf4 24. Re2 Nc6 25. b3 b5 26. axb5 axb5 27. Bg2 Ra1+ 28. Kd2 Rd4+ 0-1

[Event "Early-Titled-Tuesday-Blitz-October-24-2023"]
[Site "Chess.com"]
[Date "2023.10.24"]
[Round "6"]
[White "Kirill_Klukin"]
[Black "Matols"]
[Result "1-0"]
[WhiteElo "2645"]
[BlackElo "2402"]
[TimeControl "180+1"]
[EndTime "9:03:31 PDT"]
[Termination "Kirill_Klukin won by resignation"]

1. f4 d5 2. Nf3 Nf6 3. g3 c5 4.
Bg2 Nc6 5. O-O Bg4 6. d3 e6 7.
Nc3 Be7 8. h3 Bxf3 9. Bxf3 Qc7 10.
e4 dxe4 11. dxe4 Rd8 12. Qe2 Nd4 13. Qg2 Nxf3+ 14. Qxf3 O-O 15. Be3 c4 16. Rad1 Bc5 17.
e5 Nd5 18. Nxd5 Rxd5 19. Rxd5 exd5 20. Rd1 Rd8 21. c3 b6 22. Kg2 Bxe3 23. Qxe3 Qc5 24.
Rd4 h6 25. g4 b5 26. a3 a5 27. Qd2 Qc6 28. Kg3 g6 29. h4 Kg7 30. f5 gxf5 31.
gxf5 Kh7 32. Rg4 Rg8 33. Rxg8 Kxg8 34. f6 Kh7 35. Qc2+ Kh8 36. Qf5 d4 37. Qg4 1-0

[Event "Early-Titled-Tuesday-Blitz-October-24-2023"]
[Site "Chess.com"]
[Date "2023.10.24"]
[Round "6"]
[White "AsaHoffmann"]
[Black "jaskol95"]
[Result "0-1"]
[WhiteElo "2383"]
[BlackElo "2554"]
[TimeControl "180+1"]
[EndTime "9:03:31 PDT"]
[Termination "jaskol95 won by resignation"]

1. d4 d5 2. Bg5 Bf5 3. c4 c6 4. Nc3 h6 5. Bh4 g5 6. Bg3 e6 7. e3 Nd7 8. Qb3 Qb6 9. c5 Qxb3 10.
axb3 Bg7 11. b4 Ne7 12. b5 O-O 13. b4 cxb5 14. Bxb5 Nc6 15. Bxc6 bxc6 16. Nf3 Bd3 17. Kd2 Bc4 18. h4 g4 19. Ne5 Nxe5 20. Bxe5 Bxe5 21. dxe5 f6 22. exf6 Rxf6 23. Ke1 Raf8 24. Rxa7 Rxf2 25. Re7 Rc2 26. Rxe6 Rxc3 27. Kd2 Rd3+ 28. Kc1 Rf2 29. Rxc6 Ra3 0-1

[Event "Early-Titled-Tuesday-Blitz-October-24-2023"]
[Site "Chess.com"]
[Date "2023.10.24"]
[Round "6"]
[White "Wizard_97"]
[Black "viktorgen2021"]
[Result "1-0"]
[WhiteElo "2615"]
[BlackElo "2435"]
[TimeControl "180+1"]
[EndTime "9:03:33 PDT"]
[Termination "Wizard_97 won by resignation"]

1. e4 g6 2. d4 Bg7 3. Nc3 d6 4. f4 Nf6 5. Nf3 O-O 6. e5 Ne8 7. h4 h5 8. Bd3 c5 9. Be3 Bg4 10. Be4 Nc6 11. d5 Na5 12. e6 Nc4 13. Bc1 fxe6 14. Bxg6 Nf6 15. dxe6 Bxe6 16. f5 Bf7 17.
Bxf7+ Rxf7 18. Ng5 Rf8 19. Ne6 Qa5 20. Nxf8 Rxf8 21.
Bg5 Nxb2 22. Qf3 Ng4 23. Bd2 e6 24. O-O Rxf5 25. Qxb7 Bd4+ 26. Kh1 Qd8 27. Bg5 Bf6 28. Rxf5 exf5 29. Qd5+ Kg7 30. Qxf5 Nc4 31. Nd5 Bxg5 32.
hxg5 Nce5 33. Rf1 h4 34. Nf6 Ne3 35. Qh7+ Kf8 36. Nd7+ 1-0

[Event "Early-Titled-Tuesday-Blitz-October-24-2023"]
[Site "Chess.com"]
[Date "2023.10.24"]
[Round "6"]
[White "LiadCuba"]
[Black "Larina_Maria"]
[Result "0-1"]
[WhiteElo "2349"]
[BlackElo "2238"]
[TimeControl "180+1"]
[EndTime "9:03:34 PDT"]
[Termination "Larina_Maria won by resignation"]

1. d4 f5 2. c4 Nf6 3. Nc3 d6 4. e3 g6 5. Bd3 Bg7 6. Nge2 O-O 7.
f3 e5 8. Qc2 Nc6 9. a3 e4 10.
fxe4 fxe4 11. Nxe4 Nxe4 12. Bxe4 Qf6 13. Ng3 Bg4 14. Rf1 Qh4 15. Rxf8+ Rxf8 16. Bxc6 bxc6 17. Qe4 h5 18. Kd2 Qxh2 19. Ne2 Rf2 20. Kc3 Rxe2 21.
Bd2 Qxg2 22. Qxg2 Rxg2 23. b4 h4 24. e4 h3 25. Bf4 Rf2 0-1

[Event "Early-Titled-Tuesday-Blitz-October-24-2023"]
[Site "Chess.com"]
[Date "2023.10.24"]
[Round "6"]
[White "ChessBliss09"]
[Black "MANOJ_MISHRA123"]
[Result "1-0"]
[WhiteElo "2029"]
[BlackElo "2170"]
[TimeControl "180+1"]
[EndTime "9:03:34 PDT"]
[Termination "ChessBliss09 won by resignation"]

1. d4 Nf6 2. Bg5 Ne4 3. Bf4 g5 4. Be5 f6 5. e3 h5 6. Be2 g4 7. Bf4 d6 8. f3 Ng5 9. fxg4 e5 10. Bxg5 fxg5 11. dxe5 Bg7 12. gxh5 Bxe5 13. c3 g4 14. g3 Rxh5 15. Bxg4 Rxh2 16. Bh5+ Kd7 17. Qg4+ Ke7 18. Qg5+ Bf6 19. Qg6 Rxh5 20. Rxh5 Qf8 21. Rh7+ Kd8 22.
Rf7 1-0

[Event "Early-Titled-Tuesday-Blitz-October-24-2023"]
[Site "Chess.com"]
[Date "2023.10.24"]
[Round "6"]
[White "AlexandraSamaganova"]
[Black "ferrufino64"]
[Result "1-0"]
[WhiteElo "2323"]
[BlackElo "2197"]
[TimeControl "180+1"]
[EndTime "9:03:38 PDT"]
[Termination "AlexandraSamaganova won by resignation"]

1. c4 c5 2. Nc3 Nc6 3. g3 g6 4.
Bg2 Bg7 5. e3 e5 6. Nge2 Nge7 7.
O-O O-O 8. a3 a5 9. Nd5 d6 10.
Nec3 Be6 11. h3 Rb8 12. d3 h6 13. Rb1 f5 14. Kh2 Kh7 15. f4 Bg8 16. Bd2 Nxd5 17.
Nxd5 b6 18. b4 axb4 19. axb4 Ne7 20. Nxe7 Qxe7 21. e4 exf4 22. Bxf4 Rbe8 23. bxc5 bxc5 24. Rb6 Be5 25. exf5 Rxf5 26. Rb7 1-0

[Event "Early-Titled-Tuesday-Blitz-October-24-2023"]
[Site "Chess.com"]
[Date "2023.10.24"]
[Round "6"]
[White "AnaKuchava"]
[Black "miraitrunks"]
[Result "1-0"]
[WhiteElo "2231"]
[BlackElo "2124"]
[TimeControl "180+1"]
[EndTime "9:03:38 PDT"]
[Termination "AnaKuchava won by resignation"]

1. d4 d5 2. Nf3 Bf5 3. c4 e6 4. Nc3 Nf6 5. Bf4 c6 6. e3 Bd6 7. Bxd6 Qxd6 8. Bd3 Bg4 9. h3 Bh5 10. O-O O-O 11. Be2 dxc4 12. Bxc4 c5 13. Be2 Nc6 14. dxc5 Qxc5 15. Qb3 Na5 16. Qb5 Qxb5 17. Nxb5 a6 18.
Nd6 Rfd8 19. Rfd1 b5 20. Rac1 Nd5 21. Ne4 Bg6 22. Nc5 Kf8 23. a3 Ke7 24. b4 Nc6 25. Nxe6 fxe6 26. Rxc6 Nc3 27. Re1 Nxe2+ 28. Rxe2 Rd3 29.
Rc7+ Kd6 30. Rec2 Kd5 31. Rd7+ Ke4 32. Rxd3 Kxd3 33. Rc6 a5 34. Ne5+ Kd2 35. Nxg6 hxg6 36. Rxe6 axb4 37. axb4 Ra4 38. Rxg6 Rxb4 39. Rxg7 Ke2 40.
Rf7 Rb1+ 41. Kh2 b4 42. h4 b3 43. h5 b2 44. Rb7 Kxf2 45. h6 Kxe3 46. h7 Ra1 47. h8=Q b1=Q 48. Rxb1 Rxb1 49. Qe5+ 1-0

[Event "Early-Titled-Tuesday-Blitz-October-24-2023"]
[Site "Chess.com"]
[Date "2023.10.24"]
[Round "6"]
[White "Cayse"]
[Black "leejunhyeok"]
[Result "1-0"]
[WhiteElo "2880"]
[BlackElo "2675"]
[TimeControl "180+1"]
[EndTime "9:03:40 PDT"]
[Termination "Cayse won on time"]

1. e4 c5 2. Nf3 d6 3. Bb5+ Bd7 4.
Bxd7+ Qxd7 5. c4 e5 6. Nc3 Nc6 7. O-O g6 8. Rb1 Bg7 9. a3 Nge7 10. b4 O-O 11. d3 h6 12. Nd5 f5 13. h3 b6 14.
bxc5 dxc5 15. Bb2 fxe4 16. dxe4 Nd4 17. Bxd4 exd4 18. Qb3 Nc6 19. Nd2 g5 20. f4 gxf4 21. Nxf4 Qd6 22. Nd5 h5 23. Rbe1 Bh6 24. Qd1 Ne5 25.
Rf5 Rxf5 26. exf5 Rf8 27. Ne4 Qd8 28. f6 Qe8 29. Nd6 1-0

[Event "Early-Titled-Tuesday-Blitz-October-24-2023"]
[Site "Chess.com"]
[Date "2023.10.24"]
[Round "6"]
[White "noblerone"]
[Black "Carow-Kann"]
[Result "0-1"]
[WhiteElo "2518"]
[BlackElo "2672"]
[TimeControl "180+1"]
[EndTime "9:03:41 PDT"]
[Termination "Carow-Kann won on time"]

1. d4 Nf6 2. Nf3 c5 3. c3 d5 4.
dxc5 e6 5. b4 a5 6. Bb2 b6 7. a3 bxc5 8. b5 c4 9. a4 Bc5 10. e3 Ne4 11. Nbd2 f5 12. Be2 O-O 13. O-O Nd7 14. Nd4 Qf6 15. Nxe4 fxe4 16. Ba3 Bxa3 17. Rxa3 Nc5 18. Nc6 Bd7 19. Qd4 Bxc6 20. Qxc5 Bb7 21. Qb6 Qe7 22. Raa1 e5 0-1

[Event "Early-Titled-Tuesday-Blitz-October-24-2023"]
[Site "Chess.com"]
[Date "2023.10.24"]
[Round "6"]
[White "Payyappat"]
[Black "Kostya0705"]
[Result "1-0"]
[WhiteElo "2524"]
[BlackElo "2618"]
[TimeControl "180+1"]
[EndTime "9:03:41 PDT"]
[Termination "Payyappat won by resignation"]

1. e4 c5 2. Nf3 e6 3. d4 cxd4 4. Nxd4 Nc6 5. Nc3 Qc7 6. Be3 a6 7. Be2 Nf6 8. O-O Be7 9. f4 d6 10. Bf3 O-O 11. g4 Nxd4 12. Bxd4 e5 13. Be3 exf4 14.
Bxf4 Be6 15. Kh1 Nd7 16. Nd5 Bxd5 17. exd5 Bf6 18. c3 g6 19. Qd2 Rfe8 20. Qg2 Ne5 21.
Be4 Bg7 22. Rae1 Qc4 23. h3 Qxa2 24. Qf2 Re7 25. Qb6 Nc4 26. Qb4 a5 27. Qb5 Rc8 28.
b3 Nd2 29. Re2 Rxe4 30. Rxd2 Qa3 31. Qd7 Rxc3 32. Bxd6 Qxb3 33. Qd8+ 1-0

[Event "Early-Titled-Tuesday-Blitz-October-24-2023"]
[Site "Chess.com"]
[Date "2023.10.24"]
[Round "6"]
[White "Sanyura"]
[Black "Magila31"]
[Result "0-1"]
[WhiteElo "2582"]
[BlackElo "2401"]
[TimeControl "180+1"]
[EndTime "9:03:44 PDT"]
[Termination "Magila31 won by resignation"]

1. Nf3 g6 2. g3 Bg7 3. Bg2 Nf6 4. O-O O-O 5. d4 d6 6. c4 c6 7. Nc3 Qa5 8. e4 e5 9. d5 cxd5 10. cxd5 b5 11. Re1 b4 12. Qa4 Qxa4 13. Nxa4 Bd7 14. b3 Bxa4 15. bxa4 Nbd7 16. Nd2 Nb6 17. a5 Na4 18. Nc4 Rfd8 19. Bd2 Rac8 20. Bf1 Nc3 21. Bxc3 bxc3 22. Rac1 Bh6 23. Rc2 Rc5 24. f3 Rb8 25. Nxd6 Bd2 26. Rd1 Rb2 27. Bd3 Rxc2 28. Bxc2 Rxa5 29.
Bb3 Rc5 30. Nc4 Rxc4 0-1

[Event "Early-Titled-Tuesday-Blitz-October-24-2023"]
[Site "Chess.com"]
[Date "2023.10.24"]
[Round "6"]
[White "Happy1712Drummer"]
[Black "ImBushchess"]
[Result "0-1"]
[WhiteElo "2376"]
[BlackElo "2273"]
[TimeControl "180+1"]
[EndTime "9:03:46 PDT"]
[Termination "ImBushchess won on time"]

1. e4 d6 2. d4 Nd7 3. Nc3 g6 4.
g3 Bg7 5. Bg2 e5 6. Nge2 Ne7 7.
O-O O-O 8. h3 exd4 9. Nxd4 Nb6 10. a4 a5 11. b3 d5 12. exd5 Nexd5 13. Nxd5 Nxd5 14. Ba3 Nc3 15. Qf3 Bxd4 16. Bxf8 Qxf8 17. Qd3 c5 18. Rae1 Bf5 19. Qc4 Rb8 20. g4 Be6 21.
Qd3 Rd8 22. Qf3 Bd5 23. Qg3 Bxg2 24. Kxg2 b6 25. Qc7 Qd6 26. Re7 Qd5+ 27. Kg1 Rf8 28.
Rfe1 Qf3 29. Rf1 Ne2+ 30. Kh2 Nf4 0-1